 Dungeon Crawl Stone Soup version 0.26-a0-451-gacbe401039 (webtiles) character file.

Game seed: 11186366358144640116

18966 KristoblXynda the Nimble (level 12, -3/90 HPs)
             Began as a Spriggan Berserker on July 28, 2020.
             Was a High Priest of Trog.
             Slain by Jorgrun
             ... wielding a +0 vorpal quarterstaff
              (11 damage)
             ... on level 12 of the Dungeon.
             The game lasted 00:29:03 (17240 turns).

KristoblXynda the Nimble (Spriggan Berserker)      Turns: 17240, Time: 00:29:03

Health: -3/90      AC: 13    Str: 14    XL:     12   Next: 32%
Magic:  22/22      EV: 21    Int: 13    God:    Trog [*****.]
Gold:   930        SH: 12    Dex: 15    Spells: 11/11 levels left

rFire    . . .     SeeInvis +   z - +6 quick blade
rCold    . . .     Faith    .   u - +0 buckler
rNeg     . . .     Spirit   .   a - +1 swamp dragon scales
rPois    +         Reflect  +   (helmet restricted)
rElec    .         Harm     .   d - +2 cloak
rCorr    .                      (gloves unavailable)
MR       ++...                  (boots unavailable)
Stlth    ..........             h - amulet of reflection
HPRegen  0.25/turn              b - ring of magical power
MPRegen  0.18/turn              y - ring of poison resistance

@: berserking, grasped by roots, constricted, very quick
A: very small, unfitting armour, see invisible, speed 3
a: Berserk, Trog's Hand, Brothers in Arms, Renounce Religion


You were on level 12 of the Dungeon.
You worshipped Trog.
Trog was extremely pleased with you.
You visited 2 branches of the dungeon, and saw 15 of its levels.

You collected 930 gold pieces.

Inventory:

Hand Weapons
 z - a +6 quick blade (weapon)
Armour
 a - +1 swamp dragon scales (worn)
 d - a +2 cloak (worn)
 u - a +0 buckler (worn)
Jewellery
 b - a ring of magical power (left hand)
 h - an amulet of reflection (around neck)
 y - a ring of poison resistance (right hand)
 D - an uncursed ring of ice
 I - an uncursed ring of wizardry {unknown}
Wands
 n - a wand of iceblast (7)
 E - a wand of disintegration (9)
 H - a wand of paralysis (5)
 J - a wand of clouds (6)
Scrolls
 f - 2 scrolls of amnesia
 g - 9 scrolls of remove curse
 m - 3 scrolls of magic mapping
 o - 8 scrolls of teleportation
 p - 4 scrolls of enchant armour
 v - 2 scrolls of fear
 w - a scroll of identify
 B - 3 scrolls of blinking
 C - 2 scrolls of immolation
Potions
 c - 3 potions of might
 e - 3 potions of berserk rage
 i - 3 potions of stabbing
 j - 4 potions of heal wounds
 k - 5 potions of brilliance
 l - 4 potions of curing
 q - 2 potions of ambrosia
 r - a potion of magic
 s - a potion of lignification
 t - 4 potions of flight
 x - a potion of mutation
 A - a potion of invisibility
 F - a potion of cancellation
 G - a potion of haste


   Skills:
 - Level 5.0 Fighting
 - Level 10.3 Short Blades
 + Level 6.5 Armour
 + Level 12.5 Dodging
 - Level 12.0 Stealth
 + Level 5.2 Shields
 - Level 10.0 Evocations


You had 11 spell levels left.
You didn't know any spells.
Your spell library contained the following spells:

 Spells                   Type           Power        Failure   Level
 Beastly Appendage        Tmut           #.....       54%         1
 Freeze                   Ice            #...         54%         1
 Shock                    Conj/Air       #...         54%         1
 Swiftness                Air            #.......     69%         2
 Wereblood                Tmut           #.......     69%         2
 Frozen Ramparts          Ice            #.....       89%         3
 Ozocubu's Armour         Ice            #.......     89%         3
 Spider Form              Tmut/Pois      #.........   89%         3
 Static Discharge         Conj/Air       #.......     89%         3
 Airstrike                Air            #.........   100%        4
 Hailstorm                Conj/Ice       #.......     100%        4
 Ice Form                 Ice/Tmut       #.......     100%        4
 Summon Ice Beast         Ice/Summ       #.......     100%        4
 Blade Hands              Tmut           #.........   100%        5
 Lightning Bolt           Conj/Air       #.........   100%        5


Dungeon Overview and Level Annotations

Branches:
Dungeon (14/15)            Temple (1/1) D:5            Lair (0/6) D:9
    Orc (0/2) D:11
 Vaults: D:13-14

Altars:
Ashenzari
Cheibriados
Dithmenos
Elyvilon
Fedhas
Hepliaklqana
Kikubaaqudgha
Makhleb
Nemelex Xobeh
Okawaru
Qazlal
Ru
Sif Muna
Trog
Uskayaw
Vehumet
Wu Jian
Xom
Yredelemnul
Zin
The Shining One

Annotations:
D:11 1 runed translucent door
D:12 Jorgrun


Innate Abilities, Weirdness & Mutations

You are very small and have problems with some larger weapons.
You are too small for most types of armour.
You have supernaturally acute eyesight. (SInv)
You cover ground extremely quickly.


Message History

You hit Jorgrun but do no damage.
Jorgrun is heavily wounded.
You block Jorgrun's attack. The grasping roots constrict you!
You closely miss Jorgrun.
Jorgrun is heavily wounded.
You are too berserk!
You puncture Jorgrun!
Jorgrun is severely wounded.
You hit Jorgrun.
Jorgrun is severely wounded.
You puncture Jorgrun!
Jorgrun is severely wounded.
You closely miss Jorgrun.
Jorgrun is severely wounded.
You hit Jorgrun but do no damage.
Jorgrun is severely wounded.
Jorgrun gestures at you while chanting.
The wall shatters!
The blast of rock fragments hits you!!
* * * LOW HITPOINT WARNING * * *
You die...

##.. .(## #.#.....###. .
#..# #..# #.####.^##.) F#.
#..####.####.####..#... ....
#...................[..
#..###...#.#.).....####.....
#...$$......................
####.#.........(...######...
###......##......# #..)
#.......g@..##.########...
#..........###.####...(...
#).........# .............
#.[........#.#.####..[<...
#..).....### #(# ####....
#........# #.# #..).
#######.## #.# #.... #.. #.#
#.... #.#######.#.#


You could see Jorgrun.

Vanquished Creatures
  Josephine (D:12)
  A centaur warrior (D:14)
  5 two-headed ogres
  A deep elf mage (D:14)
  3 ugly things
  A cyclops (D:12)
  A centaur skeleton (D:10)
  Maggie (D:6)
  An efreet (D:14)
  A komodo dragon (D:11)
  A hornet (D:10)
  A troll (D:9)
  Prince Ribbit (D:9)
  2 hippogriffs (D:9)
  A meliai zombie (D:11)
  A shadow (D:11)
  6 yaks (D:9)
  5 wraiths (D:12)
  Eustachio (D:6)
  A two-headed ogre zombie (D:11)
  2 soldier ants
  A water moccasin (D:7)
  Duvessa (D:7)
  A hornet zombie (D:6)
  3 black bears
  4 sky beasts
  An orc warrior (D:6)
  An ice beast (D:8)
  3 phantoms
  8 ogres
  An eye of draining (D:10)
  6 wolves (D:9)
  5 centaurs
  6 bullfrogs
  A wyvern zombie (D:12)
  Dowan (D:7)
  A wyvern skeleton (D:10)
  6 scorpions
  A water moccasin skeleton (D:12)
  28 killer bees
  3 troll zombies (D:11)
  15 wights
  2 electric eels (D:9)
  7 howler monkeys
  2 bullfrog zombies (D:12)
  A quasit (D:12)
  4 jellies
  6 hounds
  3 bullfrog skeletons
  5 orc priests
  11 orc wizards
  Crazy Yiuf (D:4)
  3 iguanas
  A killer bee zombie (D:7)
  8 worker ants
  4 ogre zombies (D:11)
  A hound zombie (D:6)
  A hound skeleton (D:4)
  Robin (D:4)
  2 howler monkey zombies
  8 adders
  7 gnolls
  A howler monkey skeleton (D:8)
  2 shadow imps
  3 white imps
  4 ufetubi
  4 oozes
  An adder skeleton (D:9)
  A worm (D:3)
  2 leopard geckos
  34 orcs
  A ball python (D:2)
  8 giant cockroaches
  19 goblins
  12 hobgoblins
  3 jackals (D:7)
  7 kobolds
  6 quokkas
  3 bats
  5 goblin zombies (D:11)
  5 hobgoblin zombies (D:11)
  An orc skeleton (D:11)
  13 orc zombies (D:11)
  2 quokka skeletons (D:4)
  8 rats
358 creatures vanquished.

Vanquished Creatures (others)
  An orc (D:6)
1 creature vanquished.

Grand Total: 359 creatures vanquished

Notes
Turn   | Place    | Note
-------+----------+-------------------------------------------
     0 | D:1      | KristoblXynda the Spriggan Berserker began the quest for
                  | the Orb.
     0 | D:1      | Reached XP level 1. HP: 11/11 MP: 2/2
   244 | D:1      | Reached skill level 1 in Stealth
   262 | D:1      | Reached XP level 2. HP: 16/16 MP: 3/3
   803 | D:2      | Reached XP level 3. HP: 19/19 MP: 4/4
   886 | D:2      | Reached skill level 5 in Dodging
   925 | D:2      | Noticed a centaur
   936 | D:2      | Killed a centaur
   936 | D:2      | Reached XP level 4. HP: 24/24 MP: 5/5
  1036 | D:2      | Reached ** piety under Trog
  1362 | D:2      | Found a burning altar of Makhleb.
  1362 | D:2      | Found a sparkling altar of Nemelex Xobeh.
  1363 | D:2      | Found an ancient bone altar of Kikubaaqudgha.
  1566 | D:3      | Reached XP level 5. HP: 23/28 MP: 6/6
  2706 | D:4      | Noticed an ogre
  2717 | D:4      | Killed an ogre
  2717 | D:4      | Reached XP level 6. HP: 32/32 MP: 7/7
  2900 | D:4      | Reached skill level 5 in Short Blades
  2900 | D:4      | Reached skill level 5 in Stealth
  3390 | D:4      | Found a glowing golden altar of the Shining One.
  3490 | D:4      | Found a runed translucent door.
  3491 | D:4      | Noticed Crazy Yiuf
  3616 | D:4      | Noticed Robin
  3665 | D:4      | Killed Robin
  3926 | D:4      | Killed Crazy Yiuf
  3976 | D:5      | Entered Level 5 of the Dungeon
  3999 | D:5      | Reached *** piety under Trog
  3999 | D:5      | Reached XP level 7. HP: 28/37 MP: 8/8
  4131 | D:5      | Found a basalt altar of Yredelemnul.
  4179 | D:5      | Found a white marble altar of Elyvilon.
  4592 | D:5      | Reached skill level 1 in Evocations
  5100 | D:5      | Found a staircase to the Ecumenical Temple.
  5721 | D:6      | Reached XP level 8. HP: 42/42 MP: 9/9
  6670 | D:6      | Noticed Eustachio
  6711 | D:6      | Killed Eustachio
  6711 | D:6      | Reached skill level 5 in Evocations
  6921 | D:6      | Reached **** piety under Trog
  6983 | D:6      | Reached XP level 9. HP: 28/45 MP: 10/10
  7140 | D:6      | Noticed Maggie
  7145 | D:6      | Killed Maggie
  7465 | D:6      | Reached skill level 10 in Dodging
  8391 | Temple   | Entered the Ecumenical Temple
  8715 | D:7      | Reached skill level 10 in Stealth
  8721 | D:7      | Reached skill level 1 in Armour
  8942 | D:7      | Found the +6 Majin-Bo {vamp, Archmagi MP+6 Int+6}
  9169 | D:7      | Noticed Dowan
  9171 | D:7      | Noticed Duvessa
  9193 | D:7      | Killed Duvessa
  9196 | D:7      | Killed Dowan
  9196 | D:7      | Reached ***** piety under Trog
 10560 | D:9      | Found a staircase to the Lair.
 10560 | D:9      | Noticed a troll
 10590 | D:9      | Reached XP level 10. HP: 24/49 MP: 11/11
 11216 | D:9      | Noticed Prince Ribbit
 11223 | D:9      | Killed Prince Ribbit
 12180 | D:9      | Found a shimmering blue altar of Sif Muna.
 12312 | D:10     | Entered Level 10 of the Dungeon
 12568 | D:10     | Noticed a two-headed ogre
 12570 | D:10     | Noticed a two-headed ogre
 12579 | D:10     | Killed a two-headed ogre
 12579 | D:10     | Reached skill level 1 in Shields
 12595 | D:10     | Killed a two-headed ogre
 12595 | D:10     | Reached XP level 11. HP: 32/53 MP: 12/12
 12769 | D:10     | Reached skill level 10 in Short Blades
 12769 | D:10     | Reached skill level 10 in Evocations
 13127 | D:10     | Received a gift from Trog
 13211 | D:10     | Found a blossoming altar of Fedhas.
 13367 | D:10     | Noticed a two-headed ogre
 13375 | D:10     | Killed a two-headed ogre
 13753 | D:11     | Found a staircase to the Orcish Mines.
 14217 | D:11     | Noticed a green ugly thing
 14253 | D:11     | Killed a green ugly thing
 14253 | D:11     | Reached skill level 5 in Fighting
 14253 | D:11     | Reached skill level 5 in Armour
 14507 | D:11     | Noticed a red ugly thing
 14513 | D:11     | Killed a red ugly thing
 14609 | D:11     | You fall into a shaft and drop 3 floors!
 14674 | D:14     | Reached ****** piety under Trog
 14702 | D:14     | Noticed a cyan ugly thing
 14702 | D:14     | Noticed a cyan ugly thing
 14702 | D:14     | Noticed a cyan ugly thing
 14702 | D:14     | Noticed a cyan ugly thing
 14702 | D:14     | Noticed a cyan ugly thing
 14748 | D:14     | Received a gift from Trog
 14920 | D:14     | Noticed a deep elf mage
 14927 | D:14     | Killed a deep elf mage
 14954 | D:14     | Noticed a centaur warrior
 14978 | D:14     | Killed a centaur warrior
 15285 | D:13     | Noticed a centaur warrior
 15503 | D:13     | You fall into a shaft and drop 1 floor!
 15542 | D:14     | Killed a cyan ugly thing
 15687 | D:12     | Noticed a two-headed ogre
 15852 | D:11     | Found a glowing silver altar of Zin.
 15852 | D:11     | Noticed an angel
 15853 | D:11     | Found a runed translucent door.
 15993 | D:12     | Noticed Josephine
 16018 | D:12     | Killed Josephine
 16018 | D:12     | Reached XP level 12. HP: 60/60 MP: 13/13
 16291 | D:12     | Killed a two-headed ogre
 16461 | D:12     | Noticed a two-headed ogre
 16488 | D:12     | Killed a two-headed ogre
 16488 | D:12     | Reached skill level 5 in Shields
 16922 | D:12     | Noticed Jorgrun
 17240 | D:12     | Slain by Jorgrun

Illustrated notes

Levels and vault maps discovered:
D:1:      eino_arrival_cavern_e, layout_basic
D:2:      layout_loops_ring, gammafunk_temple_overflow_claw
D:3:      layout_loops_cross, hangedman_abyss_or_decor_lesser_grid, minivault_14
D:4:      layout_basic, kennysheep_mini_moat, uniq_robin,
          uniq_crazy_yiuf_cottage
D:5:      kb_forest_paths, layout_cave_pools, nicolae_overflow_hidden_temple,
          old_standard_altar, basic_altar
D:6:      corexii_shack_village, layout_basic, uniq_maggie, uniq_eustachio
D:7:      layout_basic, minmay_misc_feat_iff, item_on_display_a, uniq_duvessa
D:8:      minmay_general_purpose_star, layout_loops_cross
D:9:      layout_irregular_city, nicolae_overflow_crystal_walls,
          erik_lair_island, minmay_misc_feat_secret_circle, uniq_prince_ribbit1
D:10:     layout_roguey, basic_altar, dk_noncrumbling_4, chequers_avenue,
          hangedman_abyss_or_decor_stagger
D:11:     layout_loops_ring, zombieorc2_lemuel, grunt_ministairs_8,
          lemuel_angel_altar
D:12:     layout_loops_cross, uniq_jorgrun, uniq_josephine
D:13:     minmay_the_grid_triangle_9x9_rhombus_full_mashed
          [minmay_the_grid_triangle_9x9_zippers_vertical,
          minmay_the_grid_triangle_9x9_stretched_checkered,
          minmay_the_grid_triangle_9x9_swiss_cheese,
          minmay_the_grid_triangle_9x9_corruption,
          minmay_the_grid_triangle_9x9_longest,
          minmay_the_grid_triangle_9x9_wacky_v,
          minmay_the_grid_triangle_9x9_fully_insulated_deathbox,
          minmay_the_grid_triangle_9x9_prize_schism], layout_stronghold,
          serial_rivers, chequers_serial_rivers_small_3,
          chequers_serial_rivers_micro_b, chequers_serial_rivers_small_a,
          chequers_serial_rivers_room_b
D:14:     layout_grid_maze, david_vaults_3, uniq_roxanne, uniq_rupert
Temple:   regret_index_temple_waves

Skill      XL: |  1  2  3  4  5  6  7  8  9 10 11 12 |
---------------+-------------------------------------+-----
Stealth        | 1 3 4 5 7 9 10 12 | 12.0
Dodging        | 5 6 8 9 10 11 12 | 12.5
Fighting       | 3 4 5 |  5.0
Short Blades   | 4 5 6 7 8 9 10 | 10.3
Evocations     | 3 5 7 9 10 | 10.0
Armour         | 2 4 5 6 |  6.5
Shields        | 1 4 5 |  5.2

Action                   |  1- 3 |  4- 6 |  7- 9 | 10-12 || total
-------------------------+-------+-------+-------+-------++-------
Melee: Short sword       |    80 |   276 |   294 |       ||   650
       Rapier            |       |       |   200 |   147 ||   347
       Dagger            |       |       |   160 |   195 ||   355
       Quick blade       |       |       |       |   835 ||   835
Invok: Berserk           |     1 |     3 |     9 |     8 ||    21
       Trog's Hand       |       |       |     1 |     2 ||     3
Evoke: Wand              |       |       |     5 |     6 ||    11
  Use: Scroll            |       |       |    18 |    14 ||    32
       Potion            |       |       |       |     1 ||     1
 Stab: Sleeping          |     1 |     3 |    14 |    21 ||    39
       Distracted        |     1 |       |     1 |     4 ||     6
Armor: Animal skin       |    13 |    23 |    39 |     9 ||    84
       Swamp dragon scal |       |       |       |    51 ||    51
Dodge: Dodged            |    58 |   151 |   438 |   413 ||  1060
Block: Other             |       |    43 |   108 |    64 ||   215
       Reflection        |       |     1 |     6 |     6 ||    13
       Buckler           |       |       |       |   153 ||   153

Table legend: (Time is in decaauts)
 A = Elapsed time spent in this place.
 B = Non-inter-level travel time spent in this place.
 C = Inter-level travel time spent in this place.
 D = Time resting spent in this place.
 E = Time spent auto-exploring this place.
 F = Levels seen in this place.
 G = Mean time per level.
                   A        B        C        D        E       F      G
               +--------+--------+--------+--------+--------+-----+--------+
         Total |  13103 |  12768 |    335 |   5202 |   4660 |  15 |  873.5 |
       Dungeon |  13027 |  12709 |    318 |   5202 |   4602 |  14 |  930.5 |
        Temple |     76 |     60 |     16 |      0 |     57 |   1 |   76.0 |
               +--------+--------+--------+--------+--------+-----+--------+

Top non-repeatable levels by time:
     D:6: 2372 daAuts
     D:9: 1450 daAuts
    D:10: 1226 daAuts
     D:4: 1216 daAuts
     D:5: 1024 daAuts
     D:8: 930 daAuts
     D:7: 888 daAuts
    D:12: 824 daAuts
     D:3: 711 daAuts
    D:11: 619 daAuts
     D:2: 564 daAuts
    D:14: 530 daAuts
     D:1: 447 daAuts
    D:13: 219 daAuts
  Temple: 76 daAuts
